 Dungeon Crawl Stone Soup version 0.21-a0-538-gd16b88a (webtiles) character file.

12103 Amnesiac the Protected (level 12, -4/84 HPs)
             Began as a Halfling Fighter on Dec 15, 2017.
             Was a High Priest of Okawaru.
             Killed from afar by a fire giant (46 damage)
             ... with a bolt of fire
             ... on level 10 of the Dungeon.
             The game lasted 00:32:40 (14642 turns).

Amnesiac the Protected (Halfling Fighter)          Turns: 14642, Time: 00:32:41

Health: -4/84      AC: 17    Str: 21    XL:     12   Next: 16%
Magic:  2/14       EV: 13    Int:  6    God:    Okawaru [*****.]
Gold:   810        SH: 12    Dex: 15    Spells: 8/11 levels left

rFire    . . .     SeeInvis .   O - +1 dagger (venom)
rCold    + . .     Gourm    .   c - +0 shield
rNeg     . . .     Faith    +   E - +0 plate armour
rPois    .         Spirit   .   (no helmet)
rElec    .         Reflect  .   z - +0 cloak
rCorr    .         Harm     .   M - +0 pair of gloves
MR       .....                  (no boots)
Stlth    ..........             s - amulet of faith
HPRegen  0.24/turn              L - ring of ice
MPRegen  0.14/turn              u - ring of protection from fire

@: no status effects
A: small, mutation resistance 1
a: Heroism, Finesse, Renounce Religion


You were on level 10 of the Dungeon.
You worshipped Okawaru.
Okawaru was extremely pleased with you.
You were not hungry.

You visited 2 branches of the dungeon, and saw 11 of its levels.
You also visited: Ossuary.

You collected 810 gold pieces.

Inventory:

Hand Weapons
 a - a +0 dagger of draining
 b - a +0 rapier
 O - a +1 dagger of venom (weapon)
Missiles
 j - 172 stones (quivered)
 r - 7 poisoned needles
 y - 2 throwing nets
 D - 7 tomahawks
 P - 29 sling bullets
Armour
 c - a +0 shield (worn)
 z - a +0 cloak (worn)
 E - a +0 plate armour (worn)
 M - a +0 pair of gloves (worn)
 R - a cursed +0 helmet
Jewellery
 s - an amulet of faith (around neck)
 u - a ring of protection from fire (right hand)
 L - a ring of ice (left hand)
 W - an uncursed ring of see invisible
Wands
 m - a wand of enslavement (19)
 n - a wand of digging (14)
 Q - a wand of iceblast (3)
Scrolls
 d - 2 scrolls of identify {!r}
 k - a scroll of magic mapping {!r}
 o - 3 scrolls of teleportation {!r, unknown}
 q - 4 scrolls of remove curse {!r}
 t - 2 scrolls of immolation {!r, unknown}
 w - 3 scrolls of amnesia {!r, unknown}
 x - a scroll of enchant weapon {!r, unknown}
 A - a scroll of brand weapon {!r, unknown}
 J - a scroll of blinking {!r, unknown}
 K - a scroll of summoning {!r, unknown}
 T - a scroll of holy word {!r, unknown}
 U - a scroll of noise {!r, unknown}
 Z - a scroll of enchant armour {!r, unknown}
Potions
 e - a potion of agility {!q}
 g - 2 potions of flight {!q}
 i - a potion of mutation {!q}
 l - 4 potions of curing {!q}
 p - a potion of ambrosia {!q}
 v - a potion of haste {!q}
 B - a potion of magic {!q}
 C - 2 potions of brilliance {!q}
 F - 4 potions of berserk rage {!q}
 G - 2 potions of resistance {!q}
 H - 2 potions of heal wounds {!q}
 I - 2 potions of lignification {!q}
 X - 2 potions of degeneration {!q}
Comestibles
 f - 6 bread rations
 h - 7 meat rations
 N - a royal jelly


   Skills:
 * Level 8.3 Fighting
 - Level 7.9 Short Blades
 * Level 9.9 Armour
 * Level 9.9 Dodging
 * Level 9.8 Shields
 + Level 3.4 Invocations


You had 8 spell levels left.
You knew the following spells:

 Your Spells              Type           Power        Failure   Level  Hunger
a - Apportation           Tloc           #.....       100%        1    ##.....
b - Animate Skeleton      Necr           N/A          100%        1    ##.....
z - Confusing Touch       Hex            #.....       100%        1    ##.....


Dungeon Overview and Level Annotations

Branches:
Dungeon (10/15)            Temple (1/1) D:7            Lair (0/6) D:10
    Orc: D:9-12

Altars:
Ashenzari
Cheibriados
Dithmenos
Elyvilon
Fedhas
Gozag
Hepliaklqana
Kikubaaqudgha
Makhleb
Nemelex Xobeh
Okawaru
Qazlal
Ru
Sif Muna
Trog
Uskayaw
Vehumet
Wu Jian
Xom
Yredelemnul
Zin
The Shining One

Annotations:
D:3 Nattefrost's ghost, amateur MiAK


Innate Abilities, Weirdness & Mutations

You are small and have problems with some larger weapons.
You are somewhat resistant to further mutation.


Message History

The great orb of eyes looks as sick as possible!
The great orb of eyes is heavily wounded.
The great orb of eyes bites you!
You hit the great orb of eyes but do no damage.
The great orb of eyes is heavily wounded.
You hit the great orb of eyes but do no damage.
The great orb of eyes is heavily wounded.
You block the great orb of eyes's attack.
You hit the great orb of eyes.
The great orb of eyes is severely wounded.
You hit the great orb of eyes but do no damage.
The great orb of eyes is severely wounded.
The great orb of eyes gazes at you. You resist with significant effort.
You hit the great orb of eyes but do no damage.
The great orb of eyes is severely wounded.
The great orb of eyes gazes at you. You resist with significant effort.
You hit the great orb of eyes but do no damage.
The great orb of eyes is severely wounded.
You hit the great orb of eyes but do no damage.
The great orb of eyes is severely wounded.
The great orb of eyes bites you.
You hit the great orb of eyes but do no damage.
The great orb of eyes looks as sick as possible!
The great orb of eyes is severely wounded.
The great orb of eyes bites you.
Your shield and plate armour prevent you from hitting the great orb of eyes.
The great orb of eyes is almost dead.
You hit the great orb of eyes but do no damage.
The great orb of eyes looks as sick as possible!
The great orb of eyes is almost dead.
The great orb of eyes closely misses you.
Your shield prevents you from hitting the great orb of eyes.
The great orb of eyes is almost dead.
The great orb of eyes gazes at you.
You are blasted!
* * * LOW HITPOINT WARNING * * *
You hit the great orb of eyes but do no damage.
The great orb of eyes looks as sick as possible!
The great orb of eyes is almost dead.
You hit the great orb of eyes but do no damage.
The great orb of eyes looks as sick as possible!
The great orb of eyes is almost dead.
The great orb of eyes gazes at you.
You feel your power leaking away.
You hit the great orb of eyes but do no damage.
The great orb of eyes is almost dead.
The great orb of eyes gazes at you. You resist with significant effort.
You hit the great orb of eyes but do no damage.
The great orb of eyes is almost dead.
You hit the great orb of eyes.
You kill the great orb of eyes!
Okawaru is honoured by your kill.
You start resting.
A fire giant comes into view.
It is wielding a great sword of flaming.
A fire giant is nearby!
A fire giant is nearby!
The fire giant shouts!
The fire giant points at you and mumbles some strange words.
The bolt of fire hits you!
Ouch! That really hurt!
You die...

....####...#...##
..#.............########
..####.................#
.......................#
.##>........######.....#
......#....## #.[...#
.#....##...# #8'8..#
P##...###..#C######.#..#
###...# #..#....@'..#..#
# #...# #..#.....'..#..#
###...# #..#.######.#..#
......# ##.# #8'8..#
####### #.## #.....#
#..######.....#
#............)#
###########...# #####


You could see a fire giant.

Vanquished Creatures
  A great orb of eyes (D:10)
  3 two-headed ogres
  Pikel (D:4)
  A deep elf mage (D:9)
  A meliai (D:10)
  2 trolls (D:9)
  Sigmund (D:6)
  2 hippogriffs
  A wraith (D:8)
  15 yaks
  A wyvern (D:9)
  A water moccasin (D:8)
  4 orc warriors
  5 ice beasts
  A black bear (D:10)
  4 phantoms
  3 centaurs
  5 ogres
  A wyvern zombie (D:10)
  7 bullfrogs
  A wyvern skeleton (D:10)
  5 scorpions
  A killer bee (shapeshifter) (D:10)
  5 wights (D:8)
  2 electric eels (D:6)
  4 howler monkeys
  7 hounds
  A jelly (D:9)
  8 orc wizards
  A wyvern simulacrum (D:10)
  10 orc priests
  3 centaur skeletons
  Ijyb (D:5)
  15 worker ants
  5 iguanas
  A hound zombie (D:6)
  8 mummies (Ossuary)
  2 worker ant zombies
  7 gnolls
  4 adders
  3 shadow imps
  3 oozes
  4 leopard geckos
  34 orcs
  6 bats
  4 giant cockroaches
  5 goblins
  3 hobgoblins
  12 jackals
  4 quokkas
  4 ball pythons
  A ball python zombie (D:6)
  3 frilled lizards
  3 gnoll zombies
  2 hobgoblin zombies (Ossuary)
  A jackal skeleton (D:8)
  11 kobolds
  3 kobold zombies (Ossuary)
  2 orc zombies (Ossuary)
  6 rats
265 creatures vanquished.

Vanquished Creatures (others)
  4 slaves (D:5)
  4 fungi (D:10)
  A plant (D:10)
9 creatures vanquished.

Grand Total: 274 creatures vanquished

Notes
Turn   | Place    | Note
-------+----------+-------------------------------------------
     0 | D:1      | Amnesiac the Halfling Fighter began the quest for the Orb.
     0 | D:1      | Reached XP level 1. HP: 15/15 MP: 1/1
    13 | D:1      | Reached skill level 1 in Dodging
    18 | D:1      | Reached XP level 2. HP: 10/20 MP: 2/2
   299 | D:1      | Reached XP level 3. HP: 25/25 MP: 3/3
   754 | D:2      | Found an ancient bone altar of Kikubaaqudgha.
   959 | D:2      | Reached XP level 4. HP: 28/30 MP: 4/4
  1438 | D:3      | Noticed Nattefrost's ghost (amateur MiAK)
  1660 | D:4      | Reached XP level 5. HP: 25/36 MP: 5/5
  2966 | D:4      | Reached XP level 6. HP: 42/42 MP: 6/6
  3798 | D:5      | Entered Level 5 of the Dungeon
  3798 | D:5      | Noticed Ijyb
  3800 | D:5      | Noticed an ice beast
  3945 | D:6      | Reached XP level 7. HP: 37/47 MP: 7/7
  4150 | D:6      | Found a sand-covered staircase.
  4174 | Ossuary  | Entered an ossuary
  5245 | D:6      | Reached skill level 5 in Armour
  5245 | D:6      | Reached skill level 5 in Shields
  5245 | D:6      | Reached XP level 8. HP: 54/54 MP: 8/8
  5262 | D:6      | Reached skill level 5 in Dodging
  5362 | D:6      | Found a transporter.
  5371 | D:6      | Found a transporter.
  5499 | D:6      | Found a blossoming altar of Fedhas.
  5668 | D:6      | Noticed Sigmund
  5703 | D:6      | Killed Sigmund
  5703 | D:6      | Reached skill level 5 in Short Blades
  5713 | D:6      | Found a basalt altar of Yredelemnul.
  6157 | D:5      | Noticed Pikel
  6202 | D:4      | Killed Pikel
  6202 | D:4      | Reached skill level 5 in Fighting
  6202 | D:4      | Reached XP level 9. HP: 53/61 MP: 9/9
  6765 | D:5      | Found a blossoming altar of Fedhas.
  7350 | D:5      | Killed Ijyb
  7429 | D:5      | Reached XP level 10. HP: 68/68 MP: 10/10
  7685 | D:7      | Found a staircase to the Ecumenical Temple.
  7742 | Temple   | Entered the Ecumenical Temple
  8409 | D:7      | Found an iron altar of Okawaru.
  8427 | D:7      | Became a worshipper of Warmaster Okawaru
  9572 | D:8      | Reached * piety under Okawaru
 10029 | D:8      | Found a shadowy altar of Dithmenos.
 10120 | D:8      | Found a burning altar of Makhleb.
 10291 | D:8      | Noticed a two-headed ogre
 10715 | D:9      | Reached ** piety under Okawaru
 10786 | D:9      | Reached XP level 11. HP: 73/74 MP: 11/11
 11133 | D:9      | Found a snail-covered altar of Cheibriados.
 11224 | D:9      | Found a glowing silver altar of Zin.
 11259 | D:9      | Reached skill level 1 in Invocations
 11368 | D:9      | Found a sparkling altar of Nemelex Xobeh.
 11674 | D:9      | Reached *** piety under Okawaru
 11902 | D:10     | Entered Level 10 of the Dungeon
 12357 | D:10     | Noticed a two-headed ogre
 12405 | D:9      | Killed a two-headed ogre
 12715 | D:8      | Killed a two-headed ogre
 12715 | D:8      | Reached **** piety under Okawaru
 13630 | D:10     | Noticed a two-headed ogre
 13669 | D:10     | Killed a two-headed ogre
 13789 | D:10     | Noticed a deep elf mage
 13856 | D:9      | Killed a deep elf mage
 13856 | D:9      | Reached XP level 12. HP: 43/82 MP: 14/14
 14047 | D:10     | Reached ***** piety under Okawaru
 14218 | D:9      | Learned a level 1 spell: Apportation
 14220 | D:9      | Learned a level 1 spell: Animate Skeleton
 14222 | D:9      | Learned a level 1 spell: Confusing Touch
 14311 | D:10     | Found a staircase to the Lair.
 14413 | D:10     | Found a large runed door.
 14414 | D:10     | Found a large runed door.
 14580 | D:10     | Noticed a great orb of eyes
 14627 | D:10     | Killed a great orb of eyes
 14642 | D:10     | Noticed a fire giant
 14642 | D:10     | Killed from afar by a fire giant

Vault maps used:
D:1:      dpeg_arrival_shelter, minmay_pentomino_z2
D:2:      nicolae_overflow_crystal_walls, first_bread
D:5:      basic_altar, uniq_pikel, uniq_ijyb
D:6:      gammafunk_steamed_eel, lemuel_zombie_altar_yredelemnul,
          enter_ossuary_1, fedhas_bush_and_centaur_altar, uniq_sigmund
D:7:      okawaru_trees_1, temple_pool_b, supply_closet_lemuel
D:8:      lemuel_coloured_pillars_altar, basic_altar
D:9:      kennysheep_mini_moat, overflow_temple_1_default, marbit_many_paths
D:10:     grunt_lair_entry_orc_guard_hut, jmf_multi_god_temple2
Temple:   eino_wide_crystal_templ
Ossuary:  ossuary_tomb_3

Skill      XL: |  1  2  3  4  5  6  7  8  9 10 11 |
---------------+----------------------------------+-----
Dodging        | 1 2 3 4 6 7 8 9 |  9.9
Fighting       | 3 4 5 6 8 |  8.3
Short Blades   | 3 4 6 7 |  7.9
Shields        | 4 5 6 7 8 9 |  9.8
Armour         | 4 5 6 7 8 9 |  9.9
Invocations    | 3 |  3.4

Action                   |  1- 3 |  4- 6 |  7- 9 | 10-12 || total
-------------------------+-------+-------+-------+-------++-------
Melee: Rapier            |    96 |   299 |   443 |    42 ||   880
       Dagger            |       |       |    20 |  1549 ||  1569
       Short sword       |       |       |       |   140 ||   140
Throw: Stone             |       |       |    29 |   105 ||   134
Evoke: Wand              |       |       |    14 |    10 ||    24
  Use: Scroll            |       |       |    10 |     5 ||    15
       Potion            |       |       |     5 |     2 ||     7
 Stab: Paralysed         |       |       |     3 |       ||     3
  Eat: Chunk             |       |    10 |     8 |    25 ||    43
       Fruit             |       |       |     1 |     2 ||     3
       Royal jelly       |       |       |     1 |       ||     1
Armor: Scale mail        |    30 |    43 |       |       ||    73
       Chain mail        |       |    25 |       |       ||    25
       Plate armour      |       |       |   170 |   393 ||   563
       Skin              |       |       |     2 |     8 ||    10
Dodge: Dodged            |    41 |   139 |    85 |   374 ||   639
Block: Shield            |    52 |   153 |   175 |   690 ||  1070

Table legend:
 A = Spawn XP
 B = Non-spawn XP
 C = Spawn XP percentage of total XP
 D = Spawn monster count
 E = Non-spawn monster count
 F = Spawn count percentage of total count
 G = Total turns spent on level
                    A         B        C        D         E        F      G
               +---------+---------+-------+---------+---------+-------+---------
         Total |       0 |   17290 |   0.0 |       0 |     265 |   0.0 | 14642
               +---------+---------+-------+---------+---------+-------+---------
           D:1 |       0 |      40 |   0.0 |       0 |      22 |   0.0 |   731
           D:2 |       0 |      55 |   0.0 |       0 |      25 |   0.0 |   649
           D:3 |       0 |      53 |   0.0 |       0 |       9 |   0.0 |   794
           D:4 |       0 |    1110 |   0.0 |       0 |      20 |   0.0 |  2002
           D:5 |       0 |    1643 |   0.0 |       0 |      25 |   0.0 |  1457
           D:6 |       0 |    1182 |   0.0 |       0 |      24 |   0.0 |  1286
           D:7 |       0 |     898 |   0.0 |       0 |      25 |   0.0 |  1368
           D:8 |       0 |    2527 |   0.0 |       0 |      33 |   0.0 |  1648
           D:9 |       0 |    5313 |   0.0 |       0 |      34 |   0.0 |  2341
          D:10 |       0 |    4321 |   0.0 |       0 |      32 |   0.0 |  1515
       Ossuary |       0 |     148 |   0.0 |       0 |      16 |   0.0 |   799
               +---------+---------+-------+---------+---------+-------+---------
